 Dungeon Crawl Stone Soup version 0.28.0-49-g6dfe1f597d (webtiles) character file.

Game seed: 17516200134155887182

49 Zeld the Skirmisher (level 4, 0/37 HPs)
             Began as a Formicid Monk on May 18, 2022.
             Succumbed to an adder's poison
             ... on level 1 of the Dungeon.
             The game lasted 00:02:02 (2157 turns).

Zeld the Skirmisher (Formicid Monk)                 Turns: 2157, Time: 00:02:03

Health: 0/37       AC:  2    Str: 18    XL:     4   Next: 1%
Magic:  4/4        EV: 12    Int:  9    God:
Gold:   44         SH:  0    Dex: 13    Spells: 3/3 levels left

rFire   . . .      SeeInvis +   a - +0 hand axe
rCold   . . .      Faith    .   (no shield)
rNeg    . . .      Spirit   .   b - +0 robe
rPois   .          Reflect  .   (helmet unavailable)
rElec   .          Harm     .   (no cloak)
rCorr   .          Rampage  .   (no gloves)
Will    .....                   (no boots)
Stlth   ++........              (no amulet)
HPRegen 0.12/turn               (no ring)
MPRegen 0.09/turn               (no ring)

@: lethally poisoned (0 -> -5)
A: permanent stasis, dig shafts and tunnels, antennae 3, four strong arms
a: Dig, Shaft Self


You were on level 1 of the Dungeon.
You visited 1 branch of the dungeon, and saw 2 of its levels.

You collected 44 gold pieces.

Inventory:

Hand Weapons
 a - a +0 hand axe (weapon)
Missiles
 f - 4 stones
Armour
 b - a +0 robe (worn)
Scrolls
 c - a scroll of vulnerability {unknown}
 d - a scroll of teleportation {unknown}
 e - a scroll of blinking {unknown}
 g - a scroll of immolation {unknown}
 h - a scroll of identify {unknown}


   Skills:
 * Level 4.1 Fighting
 * Level 3.6 Axes
 - Level 2.6 Dodging
 + Level 3.1 Stealth


You had 3 spell levels left.
You didn't know any spells.
Your spell library was empty.

Dungeon Overview and Level Annotations

Branches:
Dungeon (2/15)

Altars:


Innate Abilities, Weirdness & Mutations

You cannot be hasted, slowed, berserked, paralysed or teleported.
You can dig through walls and to a lower floor.
You have a pair of large antennae on your head. (SInv)
Your four strong arms can wield two-handed weapons with a shield.


Message History

The adder bites you but does no damage.
You closely miss the adder.
The adder is moderately wounded.
You closely miss the adder. The adder misses you. The adder closely misses you.
The adder bites you.
You hit the adder but do no damage.
The adder is moderately wounded.
You hit the adder.
The adder bites you. x2; The adder barely misses you.
You slash the adder!
You kill the adder!
You hit the adder. You hit the hobgoblin.
A rat comes into view.
The hobgoblin closely misses you. The adder bites you.
You are poisoned.
The adder poisons you!
A hobgoblin comes into view.
You have reached level 4!
You feel stronger.
You feel sick. The adder bites you.
You feel sick. The hobgoblin hits you.
* * * LOW HITPOINT WARNING * * *
You feel sick.
You feel sick.
You feel sick.
You are no longer poisoned.
There is a stone staircase leading up here.
The hobgoblin hits you.
* * * LOW HITPOINT WARNING * * *
The adder bites you.
* * * LOW HITPOINT WARNING * * *
You are lethally poisoned!
The adder poisons you!
You climb upwards.
* * * LOW HITPOINT WARNING * * *
You feel very sick.
There is a stone staircase leading down here.
Press: ? - help, v - describe, . - travel
Here: a hobgoblin (almost dead)
The floor.
You die...

#..........# #..#
########.#.# #..# #[#.#
#..# ##########.#.# #..#
#...#....#.#.###..#
#...#....#........#
#...#....#.#.###.g#####
'...'....'.......>....#
#...#....#.#.###@####.#
#...####.#.#.# #.# #.#
##### #.#.#.###.####.##
#.#.............# ####
###.#"#.###.####.####
...###...................#
.....###...##.##.####.####
##....##††....##.# #.#
..#...##....####.# #.#


You could see a hobgoblin.

Vanquished Creatures
  An adder (D:2)
  5 ball pythons (D:1)
  6 endoplasms (D:1)
  2 goblins (D:1)
  4 hobgoblins (D:1)
  3 jackals (D:1)
  4 kobolds (D:1)
  A quokka (D:2)
  3 bats (D:1)
  2 frilled lizards (D:1)
  4 rats (D:1)
35 creatures vanquished.

Notes
Turn   | Place    | Note
-------+----------+-------------------------------------------
     0 | D:1      | Zeld the Formicid Monk began the quest for the Orb.
     0 | D:1      | Reached XP level 1. HP: 18/18 MP: 1/1
   242 | D:1      | Reached XP level 2. HP: 6/24 MP: 2/2
  1072 | D:1      | Reached XP level 3. HP: 30/30 MP: 3/3
  1745 | D:1      | Reached skill level 4 in Fighting
  2148 | D:2      | Reached XP level 4. HP: 22/37 MP: 4/4
  2156 | D:1      | HP: 1/37 [poisoned by an adder]
  2157 | D:1      | Succumbed to an adder's poison

Illustrated notes

Levels and vault maps discovered:
D:1:      dpeg_arrival_oval, layout_basic, chequers_mini_garden
D:2:      layout_basic, basic_altar, serial_shops,
          nicolae_shop_bloodbath_and_beyond

Skill      XL: |  1  2  3 |
---------------+----------+-----
Stealth        | 3 |  3.1
Fighting       | 4 |  4.1
Axes           | |  3.6
Dodging        | |  2.6

Action                   |  1- 3 |  4- 6 || total
-------------------------+-------+-------++-------
Melee: Hand axe          |   117 |       ||   117
       Punch             |     2 |       ||     2
 Stab: Sleeping          |     7 |       ||     7
Armor: Robe              |    26 |       ||    26
Dodge: Dodged            |    86 |       ||    86
